 Dungeon Crawl Stone Soup version 0.23.1 (webtiles) character file.

Game seed: 14544494611792724272

275 Borgoz the Skirmisher (level 6, 0/52 HPs)
             Began as a Ghoul Monk on Mar 15, 2019.
             Slain by a gnoll
             ... wielding a +0 spear
              (4 damage)
             ... on level 6 of the Dungeon.
             The game lasted 00:06:00 (2432 turns).

Borgoz the Skirmisher (Ghoul Monk)                  Turns: 2432, Time: 00:06:01

Health: 0/52       AC:  5    Str: 15    XL:     6   Next: 25%
Magic:  0/14       EV: 13    Int:  6    God:
Gold:   134        SH:  0    Dex: 12    Spells: 5/5 levels left

rFire    . . .     SeeInvis .   o - +1 short sword (speed)
rCold    + . .     Gourm    .   (no shield)
rNeg     + + +     Faith    .   a - +0 robe
rPois    ∞         Spirit   +   (no helmet)
rElec    .         Reflect  .   h - scarf {Spirit}
rCorr    .         Harm     .   (no gloves)
MR       .....                  n - +2 pair of boots {Stlth+}
Stlth    +++.......             (no amulet)
HPRegen  0.00/turn              e - ring of magical power
MPRegen  0.14/turn              (no ring)

@: about to teleport, rotting
A: rotting body, claws 1, carnivore, cold resistance 1, negative energy
resistance 3, inhibited regeneration, torment resistance, unbreathing
a: no special abilities


You were on level 6 of the Dungeon.
You were not hungry.

You visited 1 branch of the dungeon, and saw 4 of its levels.

You collected 134 gold pieces.

Inventory:

Hand Weapons
 o - a +1 short sword of speed (weapon)
Armour
 a - a +0 robe (worn)
 h - a scarf of spirit shield (worn)
 n - a +2 pair of boots of stealth (worn)
Jewellery
 e - a ring of magical power (left claw)
Scrolls
 g - 7 scrolls of identify {unknown}
 i - 2 scrolls of fear {unknown}
 m - a scroll of teleportation
Potions
 j - a potion of flight
 k - 5 potions of brilliance
Comestibles
 b - 5 rations


   Skills:
 + Level 4.2 Fighting
 * Level 2.8 Short Blades
 + Level 2.0 Armour
 + Level 3.4 Dodging
 + Level 3.6 Stealth
 - Level 3.4 Unarmed Combat


You had 5 spell levels left.
You didn't know any spells.
Your spell library was empty.

Dungeon Overview and Level Annotations

Branches:
Dungeon (3/15)

Altars:
Dithmenos
Gozag
Hepliaklqana
Ru
Wu Jian


Innate Abilities, Weirdness & Mutations

Your body is rotting away.
You thrive on raw meat.
You are immune to poison.
You have sharp fingernails.
You are carnivorous and can eat meat at any time.
Your flesh is cold resistant. (rC+)
You are immune to negative energy. (rN+++)
You do not regenerate when monsters are visible.
You are immune to unholy pain and torment.
You can survive without breathing.


Message History

* * * LOW HITPOINT WARNING * * *
The gnoll hits you from afar with a +0 spear.
* * * LOW HITPOINT WARNING * * *
Unknown command.
Okay, then.
As you read the scroll labeled ZOEBBUTEPN, it crumbles to dust.
It is a scroll of enchant weapon.
Your +0 short sword of speed glows red for a moment.
The gnoll closely misses you. The gnoll misses you.
As you read the scroll labeled XIDOMO FEPSEA, it crumbles to dust.
You feel strangely unstable.
It was a scroll of teleportation.
The gnoll hits you from afar with a +0 spear.
* * * LOW HITPOINT WARNING * * *
The gnoll hits you with a +0 flail.
* * * LOW HITPOINT WARNING * * *
The gnoll barely misses you.
Okay, then.
You closely miss the gnoll.
The gnoll hits you from afar with a +0 spear!
You die...

### ########
#####..
#@§g§§.#####......
#§g#.....g.....#.g
#######.....######
##..#..#.....#..#..
#...#..#.###.#..#..
#......'..#..'..g..
#.....#########....
#......'..#_.'.....
#..)#..#.###.#..#..


You could see 2 gnolls.

Vanquished Creatures
  An ogre (D:3)
  Terence (D:2)
  An iguana (D:6)
  A worker ant (D:6)
  A hound skeleton (D:3)
  2 adders (D:2)
  An ooze (D:2)
  2 worms
  A dart slug (D:1)
  2 leopard geckos
  5 giant cockroaches
  4 goblins
  8 hobgoblins
  15 jackals
  10 kobolds
  A ball python (D:1)
  3 bats
  6 frilled lizards
  8 rats
73 creatures vanquished.

Notes
Turn   | Place    | Note
-------+----------+-------------------------------------------
     0 | D:1      | Borgoz the Ghoul Monk began the quest for the Orb.
     0 | D:1      | Reached XP level 1. HP: 19/19 MP: 0/0
    60 | D:1      | Reached XP level 2. HP: 20/26 MP: 1/1
   427 | D:1      | Reached XP level 3. HP: 30/30 MP: 2/2
   677 | D:1      | Reached skill level 1 in Armour
   824 | D:2      | Reached skill level 1 in Short Blades
  1006 | D:2      | Reached XP level 4. HP: 40/40 MP: 3/3
  1059 | D:2      | Found a hazy altar of Hepliaklqana.
  1129 | D:2      | Found an ornate altar of the Wu Jian Council.
  1342 | D:2      | Noticed Terence
  1358 | D:2      | Killed Terence
  1476 | D:2      | Found an opulent altar of Gozag.
  1888 | D:3      | Noticed an ogre
  1926 | D:3      | Killed an ogre
  1926 | D:3      | Reached skill level 4 in Fighting
  1926 | D:3      | Reached XP level 5. HP: 36/46 MP: 4/4
  2024 | D:3      | Reached XP level 6. HP: 31/52 MP: 5/5
  2055 | D:3      | Found a shadowy altar of Dithmenos.
  2249 | D:3      | You fall through a shaft for 3 floors!
  2263 | D:6      | Found a sacrificial altar of Ru.
  2432 | D:6      | Slain by a gnoll

Skill      XL: |  1  2  3  4  5  6 |
---------------+-------------------+-----
Dodging        | 3 |  3.4
Armour         | 1 2 |  2.0
Short Blades   | 1 2 |  2.8
Stealth        | 3 |  3.6
Fighting       | 4 |  4.2
Unarmed Combat | |  3.4

Action                   |  1- 3 |  4- 6 || total
-------------------------+-------+-------++-------
Melee: Unarmed           |   105 |    19 ||   124
       Short sword       |       |   140 ||   140
  Use: Potion            |       |     4 ||     4
       Scroll            |       |     4 ||     4
 Stab: Sleeping          |     2 |     9 ||    11
  Eat: Chunk             |     8 |     5 ||    13
Armor: Robe              |    11 |    24 ||    35
Dodge: Dodged            |    69 |    68 ||   137
